ElectroGuy, chaotic female elven Wizard ---------- |........| -------------------------------- #.......<.| |..............................| ###|........| ....-------- ......-----------.| # --------.- |...|+++|..-------.|..|(((| +.| ### |...|++.|..|.....|.|..|(((| |.| # |...|+..||-|.)_..|.-|-|...----.|### |...--|--..|)....|....-|---....|# |..........|.....|..........(..|% |........{.--|----.{...........|# |..%.....)..........[..........|# |...-|---...........-+--[---...|# |...|...|-------.---| |.?.|...|# ....|(.(| |...-.-..| |*!)|....# |...|(((| |.%.|.|..| |(=%|...| |...-----+------.---- -----...| .......0O@O...[.)..............| -------------------------------- ElectroGuy the Thaumaturge Experience level: 8 Strength: 11 Dexterity: 17 Constitution: 16 Intelligence: 20 Wisdom: 13 Charisma: 10 Health: 0(64) Energy: 10(100) Def: 7 Gold: 47 Moves: 10086 Dungeon seed: cyU7vFkHGqHZwv1N Game ID: ElectroGuy_1577638998 Your Inventory: Coins $ - 47 gold pieces Weapons a - 9 +0 daggers S - 4 blessed +0 daggers (wielded) Armor y - an uncursed +0 robe (being worn) N - an uncursed +2 studded leather armor (being worn) Comestibles H - an uncursed pancake Scrolls B - 3 uncursed scrolls of magic mapping K - a blessed scroll of teleportation Potions m - an uncursed potion of water D - 2 uncursed potions of invisibility Rings c - an uncursed ring of free action (on left hand) d - an uncursed ring of poison resistance (on right hand) i - a cursed ring of free action Wands r - a wand of teleportation (0:1) Tools o - an uncursed mirror I - an uncursed skeleton key J - an uncursed blindfold T - a frost horn (0:4) V - an uncursed bag of holding Contents of the bag of holding: an uncursed +0 pair of leather gloves a blessed scroll of blank paper 4 uncursed scrolls of blank paper an uncursed scroll of genocide an uncursed scroll of identify an uncursed scroll of light an uncursed spellbook of cure sickness a blessed spellbook of force bolt an uncursed spellbook of jumping an uncursed spellbook of sleep a blessed potion of hallucination an uncursed potion of object detection an uncursed ring of polymorph control a wand of striking (0:0) a wand of striking (0:0) an uncursed tin opener an uncursed tin whistle an uncursed agate stone an uncursed dilithium crystal an uncursed worthless piece of black glass an uncursed worthless piece of blue glass 2 uncursed worthless pieces of orange glass an uncursed worthless piece of red glass 3 uncursed worthless pieces of white glass an uncursed worthless piece of yellow glass Spells and supernatural/magical abilities: Name Level Category Fail Memory a - force bolt 1 attack 0% 50% j - jumping 1 escape 0% 98% s - slow monster 2 enchantment 0% 64% z - sleep 1 enchantment 0% 98% H - haste self 3 escape 33% 67% K - cure sickness 3 healing 33% 50% O - create monster 2 clerical 0% 90% W - pray for help -- divine ? -- Your skills at the end: Fighting Skills Weapon Skills dagger [Skilled] quarterstaff [Basic] Spellcasting Skills attack spells [Skilled] enchantment spells [Basic] Final Attributes: You were piously aligned. You were sleep resistant. You were poison resistant. You were telepathic. You had infravision. You had free action. Anhur was angry with you. You are dead. Vanquished creatures: an aligned priest a ghost a watchman a giant beetle a spotted jelly a gnome king a yeti a gold golem 2 dwarf lords a blue jelly a dust vortex a snake an ape a rope golem a bugbear a wood nymph a water nymph an orc shaman 2 rock piercers a fog cloud a yellow light a shrieker 12 gnome lords 3 gnomish wizards 3 elf zombies 2 paper golems 9 giant ants a little dog 2 floating eyes 2 kittens 11 dwarves 5 hill orcs a rothe a rabid rat a giant bat 2 monkeys 3 orc zombies 2 dwarf zombies 4 iguanas an acid blob a coyote a gas spore 3 hobbits 3 large kobolds 2 hobgoblins 6 giant rats 4 cave spiders 2 yellow molds 2 green molds a red mold 27 gnomes 12 garter snakes a gnome zombie 5 geckos a jackal 3 foxes a kobold 4 goblins 3 sewer rats 17 grid bugs a bat 6 lichens 2 kobold zombies 10 newts 207 creatures vanquished. Genocided species: rust monsters 1 species genocided. Voluntary challenges: You used a wielded weapon 188 times, starting on turn 2. You read items or engraved 56 times, starting on turn 49. You genocided 1 type of monster, starting on turn 2882. You never polymorphed an object. You never changed form. You used no wishes. You never split a pudding. You wrote Elbereth's name 13 times, starting on turn 1694. You violated your moral code, losing 50 points of alignment, starting on turn 5180. Dungeon overview: The Dungeons of Doom: levels 1 to 5 Level 1 some fountains a long staircase Level 2 a general store stairs to The Gnomish Mines Level 3 some fountains Level 4 Level 5 many fountains The Gnomish Mines: levels 3 to 6 Level 3 stairs to The Dungeons of Doom Level 4 Level 5 Level 6 <- You were here many shops, a temple to Anhur, some fountains History has recorded: On T:1 you entered the Dungeons of Doom to retrieve the Amulet of Yendor! On T:425 you reached level 2 of The Dungeons of Doom. On T:703 you advanced to experience level 2. On T:755 you reached level 3 of The Dungeons of Doom. On T:1103 you advanced to experience level 3. On T:1392 you reached level 5 of The Dungeons of Doom. On T:1553 you advanced to experience level 4. On T:2563 you advanced to experience level 5. On T:3251 you reached level 4 of The Dungeons of Doom. On T:3760 you reached level 1 of The Gnomish Mines. On T:3769 you advanced to experience level 6. On T:4849 you reached level 2 of The Gnomish Mines. On T:6002 you reached level 3 of The Gnomish Mines. On T:6832 you advanced to experience level 7. On T:7573 you reached level 4 of The Gnomish Mines. On T:9553 you advanced to experience level 8. Score breakdown: Gold: 47 ( 5719 points) Experience: 8 levels (14739 points) Exploration: 6 levels ( 12.00%) ( 9583 points) Discoveries: 32 items ( 11.59%) (10215 points) Valuables value: (no points given unless you survive) Artifact value: 0 ( 0 points) Variety of kills: 64 monsters ( 16.80%) (12295 points) Turncount: 10086 turns (-2391 points) Survival: died (score multiplied by 80%) Total score: 40128 Latest messages: The spell misses the ogre. This door is locked. The spell misses the ogre. The ogre wields a club! You hit the ogre. (2x) The ogre swings his club. The ogre hits! You don't have that object. The ogre ignores his reflection. The ogre swings his club. The ogre hits! You die... Final status: Goodbye ElectroGuy the Wizard, killed by an ogre... You died in The Gnomish Mines on dungeon level 6 with 40128 points, and 47 pieces of gold, after 10086 moves. You were level 8 with a maximum of 64 hit points when you died.